 Dungeon Crawl Stone Soup version 0.24.0-28-g17ded55e90 (webtiles) character file.

Game seed: 6506062905693798461, levelgen mode: deterministic

51 Gumption the Covered (level 3, 0/30 HPs)
             Began as a Barachi Fighter on Nov 13, 2019.
             Succumbed to a hobgoblin's poison
             ... on level 2 of the Dungeon.
             The game lasted 00:08:56 (1377 turns).

Gumption the Covered (Barachi Fighter)              Turns: 1377, Time: 00:08:57

Health: 0/30       AC:  9    Str: 18    XL:     3   Next: 81%
Magic:  3/3        EV:  5    Int:  8    God:
Gold:   43         SH:  9    Dex: 11    Spells: 2/2 levels left

rFire    . . .     SeeInvis .   a - +1 falchion (slice)
rCold    . . .     Gourm    .   c - +0 shield
rNeg     . . .     Faith    .   m - +0 chain mail
rPois    .         Spirit   .   (no helmet)
rElec    .         Reflect  .   (no cloak)
rCorr    .         Harm     .   (no gloves)
MR       .....                  (no boots)
Stlth    ..........             (no amulet)
HPRegen  0.10/turn              (no ring)
MPRegen  0.08/turn              (no ring)

@: lethally poisoned (0 -> -11), slow
A: +LOS, swims, slowness 1, strong legs 1
a: Hop


You were on level 2 of the Dungeon.
You were not hungry.

You visited 1 branch of the dungeon, and saw 2 of its levels.

You collected 43 gold pieces.

Inventory:

Hand Weapons
 a - a +1 falchion of slicing (weapon)
 l - a +0 long sword
Missiles
 j - 22 stones (quivered)
Armour
 b - a +0 scale mail
 c - a +0 shield (worn)
 m - a +0 chain mail (worn)
Wands
 k - a wand of flame (22)
Scrolls
 g - a scroll of enchant weapon {unknown}
 i - a scroll of identify {unknown}
Potions
 d - a potion of might
Comestibles
 e - a ration


   Skills:
 + Level 4.0 Fighting
 * Level 3.4 Long Blades
 + Level 4.0 Armour
 * Level 3.9 Shields


You had 2 spell levels left.
You didn't know any spells.
Your spell library was empty.

Dungeon Overview and Level Annotations

Branches:
Dungeon (2/15)

Altars:


Innate Abilities, Weirdness & Mutations

Shadows flee at your approach. (+LOS)
You can swim through water.
You cover ground slowly.
You can hop short distances.


Message History

You feel sick.
Okay, then.
It was a potion of haste.
You feel yourself speed up.
* * * LOW HITPOINT WARNING * * *
You feel sick.
It was a potion of cancellation.
Your magical effects are unravelling.
You feel magically purged.
You feel yourself slow down.
* * * LOW HITPOINT WARNING * * *
You feel sick.
* * * LOW HITPOINT WARNING * * *
You feel sick.
Things that are here:
a cursed -3 club; a poisoned dart; a hobgoblin corpse
* * * LOW HITPOINT WARNING * * *
You feel sick.
* * * LOW HITPOINT WARNING * * *
You feel sick.
You die...

#.###...(((.)<.........
###.).....(.(#######.####
......<(....(#
......#.....(#
..#.#.#......# #
..........?.(# .####
..#.#.##....(# #.....
......###....#########
....###....(.)..@..##
[... #......#####.## ....
#......# # .... #......#
..## ###....# # #....#
#<.... ##.... .#####


There were no monsters in sight!

Vanquished Creatures
  Terence (D:2)
  A dart slug (D:1)
  2 giant cockroaches
  3 goblins
  7 hobgoblins
  A kobold (D:1)
  2 bats (D:1)
  3 frilled lizards (D:1)
  A rat (D:1)
21 creatures vanquished.

Notes
Turn   | Place    | Note
-------+----------+-------------------------------------------
     0 | D:1      | Gumption the Barachi Fighter began the quest for the Orb.
     0 | D:1      | Reached XP level 1. HP: 18/18 MP: 1/1
   427 | D:1      | Reached XP level 2. HP: 25/25 MP: 2/2
  1124 | D:2      | Noticed Terence
  1292 | D:2      | Reached XP level 3. HP: 30/30 MP: 3/3
  1317 | D:2      | Killed Terence
  1376 | D:2      | HP: 1/30 [poisoned by a hobgoblin]
  1377 | D:2      | Succumbed to a hobgoblin's poison

Levels and vault maps discovered:
D:1:      eino_arrival_water_cross, layout_loops_corners
D:2:      layout_rooms, serial_co_window_serial, co_window_paths_a,
          co_window_paths_b, co_window_corner_a, co_window_paths_b,
          co_window_paths_a, co_window_corner_a, co_window_of_opportunity_a,
          co_window_broadway_b, co_window_unsneaky_path_e,
          co_window_unsneaky_path_d, co_window_2corner, co_window_corner_b,
          co_window_corner_b, co_window_4corner_b, glass_columns_a,
          minmay_hedge_maze, lightli_corner_chamber, uniq_terence

Skill      XL: |  1  2  3 |
---------------+----------+-----
Long Blades    | 3 |  3.4
Fighting       | 4 |  4.0
Armour         | 4 |  4.0
Shields        | |  3.9

Action                   || total
-------------------------++-------
Melee: Long sword        ||    78
       Falchion          ||     4
Throw: Stone             ||     5
  Use: Potion            ||     3
  Eat: Ration            ||     1
Armor: Scale mail        ||    30
       Chain mail        ||     1
Dodge: Dodged            ||    22
Block: Shield            ||    42
       Rpst.: Long sword ||     8
